 Dungeon Crawl Stone Soup version 0.31-a0-188-g5e087ee2ca (webtiles) character file.

Game seed: 15637344932586655879

6 qw the Shooter (level 1, -1/12 HPs)
             Began as a Deep Elf Hunter on June 22, 2023.
             Slain by a kobold
             ... wielding a +0 club
              (4 damage)
             ... on level 1 of the Dungeon.
             The game lasted 00:00:02 (58 turns).

qw the Shooter (Deep Elf Hunter)                      Turns: 58, Time: 00:00:03

Health: -1/12      AC:  3    Str:  8    XL:     1   Next: 75%
Magic:  3/3        EV: 12    Int: 13    God:
Gold:   32         SH:  0    Dex: 18    Spells: 0/0 levels left

rFire   . . .        a - +0 shortbow
rCold   . . .        (shield currently unavailable)
rNeg    . . .        c - +0 leather armour
rPois   .            (no helmet)
rElec   .            (no cloak)
rCorr   .            (no gloves)
SInv    .            (no boots)
Will    .....        (no amulet)
Stlth   ++           (no ring)
HPRegen 0.22/turn    (no ring)
MPRegen 0.08/turn

%: no passive effects
@: no status effects
A: no striking features
a: no special abilities


You were on level 1 of the Dungeon.
You visited 1 branch of the dungeon, and saw 1 of its levels.

You collected 32 gold pieces.


   Skills:
 - Level 1.5 Fighting
 + Level 5.8 Ranged Weapons
 - Level 2.4 Dodging
 - Level 1.2 Stealth


You couldn't memorise any spells.
You didn't know any spells.
Your spell library was empty.

Inventory:

Hand Weapons
 a - a +0 shortbow (weapon)
Armour
 c - a +0 leather armour (worn)
Jewellery
 d - a ring of ice
Scrolls
 b - a scroll of butterflies

Dungeon Overview and Level Annotations

Branches:
Dungeon (1/15)

Altars:


Message History

You kill the goblin!
You hear a shout!
A goblin and a kobold come into view.
The goblin shouts!
The kobold shouts!
The kobold throws a stone.
The stone barely misses you.
You shoot an arrow. The arrow closely misses the goblin.
The goblin hits you with a +0 dagger.
You shoot an arrow. The arrow barely misses the goblin.
The goblin hits you but does no damage.
A ball python comes into view.
The goblin hits you with a +0 dagger.
You shoot an arrow. The arrow hits the goblin.
The goblin is severely wounded.
The goblin hits you with a +0 dagger.
You shoot an arrow. The arrow hits the goblin!
You kill the goblin!
A quokka comes into view.
The kobold throws a stone.
The stone hits you.
You shoot an arrow. The arrow closely misses the kobold.
The arrow hits the ball python.
You kill the ball python!
You shoot an arrow. The arrow barely misses the kobold.
The arrow closely misses the quokka.
You shoot an arrow. The arrow barely misses the kobold.
The arrow barely misses the quokka.
The kobold closely misses you. The kobold barely misses you.
You shoot an arrow. The arrow closely misses the kobold.
The arrow misses the quokka.
The kobold closely misses you.
You shoot an arrow. The arrow closely misses the kobold.
The quokka barely misses you. The kobold hits you with a +0 club.
You shoot an arrow. The arrow closely misses the kobold.
The quokka barely misses you. The kobold misses you. The quokka bites you.
You shoot an arrow. The arrow barely misses the kobold.
The quokka bites you. The kobold hits you with a +0 club.
The quokka misses you.
You shoot an arrow. The arrow barely misses the kobold.
The kobold closely misses you.
The quokka bites you but does no damage.
The kobold hits you with a +0 club.
You die...

###### ####### .....#
......# .....# ..%...#
#########.....## ......#
#.......#.).....
......####...##.#)......
................@K......
.................r......
......###########..###..
......#......### ...#
......#......#># .....
............7#~# ..#.##
###.........7#~# ..#.#
#.......#..7#ยค# #.# .
#.......#.###'##


You could see a quokka and a kobold.

Vanquished Creatures
  A ball python (D:1)
  A bat (D:1)
  2 goblins (D:1)
  A frilled lizard (D:1)
  A rat (D:1)
6 creatures vanquished.

Notes
Turn   | Place    | Note
-------+----------+-------------------------------------------
     0 | D:1      | qw the Deep Elf Hunter began the quest for the Orb.
     0 | D:1      | Reached XP level 1. HP: 12/12 MP: 3/3
     0 | D:1      | 0 ||| qw: Version: 0.3-a-9-g12657ce
     0 | D:1      | 0 ||| qw: Game counter: 2903
     0 | D:1      | 0 ||| qw: Always use a shield: true
     0 | D:1      | 0 ||| qw: God list: Okawaru
     0 | D:1      | 0 ||| qw: Allow faded altars: false
     0 | D:1      | 0 ||| qw: Do Orc after D:15 true
     0 | D:1      | 0 ||| qw: Do second Lair branch before Depths: true
     0 | D:1      | 0 ||| qw: Lair rune preference: random
     0 | D:1      | 0 ||| qw: Plans: Normal
     0 | D:1      | 0 ||| PLANNING D:1-11
    57 | D:1      | HP: 3/12 [kobold/+0 club (2)]
    58 | D:1      | Slain by a kobold

Levels and vault maps discovered:
D:1:      sevenhm_arrival_forest_fort_small_6, layout_rooms,
          dreamdust_mushroom_princess, corner_web_ring

Action                     || total
---------------------------++-------
   Fire: Shortbow          ||    16
 Armour: Leather armour    ||     2
  Dodge: Dodged            ||     9

Table legend:
 A = Non-vault XP
 B = Vault XP
 C = Vault XP percentage of total XP
 D = Non-vault monster count
 E = Vault monster count
 F = Vault count percentage of total count
                 A         B        C        D         E       F
            +---------+---------+-------+---------+---------+-------
      Total |       9 |       0 |   0.0 |       6 |       0 |   0.0
            +---------+---------+-------+---------+---------+-------
        D:1 |       9 |       0 |   0.0 |       6 |       0 |   0.0
            +---------+---------+-------+---------+---------+-------
